 Dungeon Crawl Stone Soup version 0.31-a0-986-g5e6e4ef867 (webtiles) character file.

Game seed: 13604037424181481404

582 jasper the Changeling (level 7, 0/48 HPs)
             Began as a Spriggan Shapeshifter on Nov 21, 2023.
             Was an Initiate of Okawaru.
             Slain by an orc
             ... wielding a +0 dagger
              (1 damage)
             ... on level 5 of the Dungeon.
             The game lasted 00:08:02 (3879 turns).

jasper the Changeling (Spriggan Shapeshifter)       Turns: 3879, Time: 00:08:02

Health: 0/48       AC:  3    Str: 12    XL:     7   Next: 14%
Magic:  6/17       EV: 17    Int: 11    God:    Okawaru [......]
Gold:   6          SH:  0    Dex: 15    Spells: 6/6 levels left

rFire   + . .        j - +0 short sword
rCold   + . .        (no shield)
rNeg    . . .        a - +1 animal skin
rPois   +            (helmet currently unavailable)
rElec   +            (cloak currently unavailable)
rCorr   +            (gloves unavailable)
SInv    +            (boots unavailable)
Will    +....        (no amulet) Stlth
                     o - ring of magical power
HPRegen 0.28/turn    g - ring of wizardry
MPRegen 0.15/turn

%: wizardry (x1)
@: berserking (expiring), beast-form, resistant, hasted, very quick
A: beast (slay +4), very small, no large weapons, unfitting armour, see
invisible, speed 3
a: Begin Untransformation, Renounce Religion


You were on level 5 of the Dungeon.
You worshipped Okawaru.
Okawaru was noncommittal.
You were a hulking beast.
You visited 2 branches of the dungeon, and saw 6 of its levels.

You collected 132 gold pieces.
You spent 126 gold pieces at shops.

Inventory:

Hand Weapons
 j - a +0 short sword (weapon)
 r - a +0 antimagic sling
 w - a +0 sling
Missiles
 u - 33 stones (quivered)
Armour
 a - a +1 animal skin (worn)
Jewellery
 g - a ring of wizardry (right hand)
 o - a ring of magical power (left hand)
Talismans
 c - a beast talisman
 d - a flux talisman
 f - a serpent talisman
Wands
 n - a wand of flame (14)
Scrolls
 e - 3 scrolls of noise
 q - a scroll of fog
 s - a scroll of torment
Potions
 h - a potion of mutation
 l - a potion of cancellation
 t - a potion of heal wounds {unknown}
 v - 2 potions of attraction {unknown}
 x - 2 potions of might {unknown}
 z - 2 potions of enlightenment {unknown}


   Skills:
 - Level 0.7 Fighting
 + Level 5.8 Ranged Weapons
 - Level 2.6 Dodging
 - Level 2.4 Unarmed Combat
 - Level 7.0 Shapeshifting


You had 6 spell levels left.
You didn't know any spells.
Your spell library contained the following spells:

 Spells                   Type           Power      Damage    Failure   Level
 Magic Dart               Conj           0%         1d3       14%         1
 Cigotuvi's Dreadful Rot  Necr/Pois/Air  0%         N/A       21%         2
 Gell's Gravitas          Tloc           0%         N/A       38%         3
 Ignite Poison            Fire/Tmut/Pois 0%         N/A       38%         3
 Mephitic Cloud           Conj/Pois/Air  0%         N/A       38%         3
 Teleport Other           Tloc           0%         N/A       38%         3
 Freezing Cloud           Conj/Ice/Air   0%         6-21      98%         5
 Dispersal                Tloc           0%         N/A       100%        6
 Call Imp                 Summ           Unusable   N/A       N/A         2

Dungeon Overview and Level Annotations

Branches:
Dungeon (5/15)             Temple (1/1) D:4

Altars:
Ashenzari
Dithmenos
Fedhas
Gozag
Kikubaaqudgha
Makhleb
Nemelex Xobeh
Okawaru
Qazlal
Ru
Sif Muna
Trog
Wu Jian
Zin

Shops:
D:1 *

Annotations:
D:4 Duvessa
D:5 Grinder


Innate Abilities, Weirdness & Mutations

You are a hulking beast.
Your limbs bulge with bestial killing power. (Slay +4)
You are very small and have problems with some larger weapons.
You are too small for most types of armour.
You have supernaturally acute eyesight. (SInv)
You cover ground extremely quickly. (Speed+++)


Message History

The orc wizard hits you but does no damage.
The orc misses you.
It was a potion of berserk rage.
A red film seems to cover your vision as you go berserk!
You feel yourself moving faster!
You feel mighty! The orc misses you. The orc wizard barely misses you.
The orc hits you but does no damage.
You now have 20/48 hp.
You feel magic returning to you.
j - a +0 short sword (weapon)
You feel a strong urge to attack something.
You hit the orc wizard.
The orc wizard is lightly wounded.
The orc hits you with a +0 hand axe.
The orc priest invokes the aid of Beogh against you.
Beogh smites you!
* * * LOW HITPOINT WARNING * * *
You take 15 damage, and have 5/48 hp.
MASSIVE DAMAGE!!
You closely miss the orc. You puncture the orc wizard!
The orc wizard is almost dead.
The orc misses you. The orc hits you but does no damage.
You are too berserk!
You puncture the orc wizard!
You kill the orc wizard!
Okawaru accepts your kill. The orc barely misses you.
You closely miss the orc. The orc hits you with a +0 hand axe.
* * * LOW HITPOINT WARNING * * *
You take 3 damage, and have 2/48 hp.
You hit the orc.
The orc is severely wounded.
The orc hits you with a +0 dagger.
* * * LOW HITPOINT WARNING * * *
The orc priest looks braver for a moment.
The orc completely misses you.
You take 1 damage, and have 1/48 hp.
You hit the orc but do no damage.
The orc is severely wounded.
The orc misses you. The orc hits you with a +0 dagger.
You die... .# #.# # #.#.# #.#.## o.S

. #.#.######
###.#...ooo#
#.ยง.....ooh#
####
#.#.########
...# #.#.#
...# #.#o#
...# #[#.##
...####o#oo#
...##....o.#
...'o.....<#
...#.......#


You could see an orc priest and 4 orcs.

Vanquished Creatures
  Eustachio (D:4)
  A lemure (D:4)
  A scorpion (D:5)
  Dowan (D:4)
  A jelly (D:3)
  An orc priest (D:4)
  Jessica (D:3)
  Natasha (D:4)
  3 orc wizards (D:5)
  4 adders
  4 worms
  7 dart slugs
  13 orcs
  6 endoplasms
  2 giant cockroaches
  2 goblins
  4 hobgoblins
  5 jackals
  3 kobolds
  6 quokkas
  4 ball pythons
  4 bats
  4 frilled lizards
  A rat (D:3)
80 creatures vanquished.

Notes
Turn   | Place    | Note
-------+----------+-------------------------------------------
     0 | D:1      | jasper the Spriggan Shapeshifter began the quest for the
                  | Orb.
     0 | D:1      | Reached XP level 1. HP: 9/9 MP: 2/2
   202 | D:1      | Reached XP level 2. HP: 14/14 MP: 3/3
   241 | D:1      | Found Amuiq's Assorted Antiques.
   254 | D:1      | Reached skill level 5 in Shapeshifting
   866 | D:2      | Reached XP level 3. HP: 13/17 MP: 4/4
  1381 | D:2      | Found a faded altar of an unknown god.
  1498 | D:2      | Reached skill level 6 in Shapeshifting
  1779 | D:3      | Reached XP level 4. HP: 18/21 MP: 5/5
  1798 | D:3      | Noticed Jessica
  1835 | D:3      | Killed Jessica
  1991 | D:3      | Reached skill level 7 in Shapeshifting
  2054 | D:3      | Reached XP level 5. HP: 25/25 MP: 6/6
  2112 | D:3      | Reached skill level 1 in Ranged Weapons
  2782 | D:1      | Bought a glowing sling for 126 gold pieces
  2911 | D:4      | Noticed Natasha
  2926 | D:4      | Killed Natasha
  3084 | D:4      | Noticed Eustachio
  3143 | D:4      | Killed Eustachio
  3144 | D:4      | Reached XP level 6. HP: 21/29 MP: 5/7
  3242 | D:5      | Entered Level 5 of the Dungeon
  3245 | D:5      | Noticed Grinder
  3522 | D:4      | Noticed Dowan
  3534 | D:4      | Killed Dowan
  3535 | D:4      | Reached skill level 5 in Ranged Weapons
  3649 | D:4      | Found a staircase to the Ecumenical Temple.
  3658 | Temple   | Entered the Ecumenical Temple
  3666 | Temple   | Became a worshipper of Warmaster Okawaru
  3795 | D:4      | Noticed Duvessa
  3857 | D:5      | Reached XP level 7. HP: 20/32 MP: 5/8
  3877 | D:5      | HP: 2/48 [orc/+0 hand axe (3)]
  3879 | D:5      | Slain by an orc

Illustrated notes

Levels and vault maps discovered:
D:1:      sevenhm_arrival_forest_fort_large_4, layout_basic, serial_shops,
          nicolae_square_shop
D:2:      layout_basic, serial_forest, infiniplex_forest_lined_3,
          infiniplex_forest_end_3, infiniplex_forest_corner_1,
          infiniplex_forest_clump_small, infiniplex_forest_straight_2,
          infiniplex_forest_straight_3, infiniplex_forest_pool,
          infiniplex_forest_join, infiniplex_forest_lined_ring,
          basic_ecumenical_altar
D:3:      layout_basic, minmay_misc_feat_diagonals, uniq_jessica
D:4:      layout_basic, minmay_temple_entry_butterflies, uniq_eustachio,
          uniq_pikel, uniq_duvessa, uniq_natasha
D:5:      layout_basic, uniq_grinder
Temple:   eino_temple_lava

Skill      XL: |  1  2  3  4  5  6 |
---------------+-------------------+-----
Shapeshifting  | 5 6 7 |  7.0
Ranged Weapons | 4 5 |  5.8
Fighting       | |  0.7
Dodging        | |  2.6
Unarmed Combat | |  2.4

Action                     |  1- 3 |  4- 6 |  7- 9 || total
---------------------------+-------+-------+-------++-------
  Melee: Unarmed           |   117 |    12 |       ||   129
         Punch             |     3 |       |       ||     3
         Short sword       |       |       |     7 ||     7
   Fire: Sling             |       |   169 |    12 ||   181
  Throw: Stone             |    11 |     2 |       ||    13
    Use: Scroll            |     4 |     8 |       ||    12
         Potion            |       |     4 |     3 ||     7
   Stab: Sleeping          |     2 |       |       ||     2
 Armour: Animal skin       |    42 |    44 |    14 ||   100
         Skin              |       |    14 |       ||    14
  Dodge: Dodged            |    65 |    68 |    24 ||   157

Table legend: (Time is in decaauts)
 A = Elapsed time spent in this place.
 B = Non-inter-level travel time spent in this place.
 C = Inter-level travel time spent in this place.
 D = Time resting spent in this place.
 E = Time spent auto-exploring this place.
 F = Levels seen in this place.
 G = Mean time per level.
                   A        B        C        D        E       F      G
               +--------+--------+--------+--------+--------+-----+--------+
         Total |   2789 |   2621 |    168 |    199 |   1673 |   6 |  464.8 |
       Dungeon |   2778 |   2614 |    164 |    199 |   1673 |   5 |  555.6 |
        Temple |     11 |      7 |      4 |      0 |      0 |   1 |   11.0 |
               +--------+--------+--------+--------+--------+-----+--------+

Top non-repeatable levels by time:
     D:4: 754 daAuts
     D:3: 726 daAuts
     D:2: 612 daAuts
     D:1: 553 daAuts
     D:5: 130 daAuts
  Temple: 11 daAuts
